 Dungeon Crawl Stone Soup version 0.14-a0-1663-g0b35444 (webtiles) character file.

250846 CrazyArbalest the Shatterer (level 19, -16/208 (214) HPs)
             Began as an Ogre Berserker on Dec 28, 2013.
             Was the Champion of Trog.
             Demolished by a vault warden
             ... wielding a +0,+0 great mace
              (25 damage)
             ... on Level 1 of the Vaults on Dec 29, 2013.
             The game lasted 09:03:45 (51000 turns).

CrazyArbalest the Shatterer (Ogre Berserker)       Turns: 51000, Time: 09:03:46

HP -16/208 (214) AC 20     Str 30      XL: 19   Next: 57%
MP  21/21        EV  9     Int  8      God: Trog [******]
Gold 2320        SH  0     Dex 12      Spells:  0 memorised, 18 levels left

rFire  + . .     SeeInvis +     L - +4,+8 giant spiked club of Ryxoh {speed, -Tele rPois rC+ Dex+2}
rCold  + + .     Clarity  .     y - -1 storm dragon armour
rNeg   . . .     Conserve .     (shield restricted)
rPois  +         rCorr    +     g - +2 wizard hat of Agoraphobia {MR++ SInv}
rElec  +         rRot     .     b - +1 cloak "Psuahuz" {rC+ Dam+4}
SustAb . .       Spirit   .     (gloves unavailable)
rMut   .         Warding  .     (boots unavailable)
Saprov + . .     NoTele   +     C - amulet of resist corrosion
                                K - ring of sustenance
                                m - +5,+4 ring of slaying

@: exhausted, slowed, very slow, extraordinarily resistant to hostile
enchantments, extremely unstealthy
A: unfitting armour, claws 1, fire resistance 1, fast metabolism 1, saprovore 1,
tough skin 1
a: Burn Spellbooks, Berserk, Trog's Hand, Brothers in Arms, Renounce Religion
}: 2/15 runes: decaying, serpentine


You were on level 1 of the Vaults.
You worshipped Trog.
Trog was exalted by your worship.
You were very hungry.

You visited 7 branches of the dungeon, and saw 40 of its levels.
You also visited: Labyrinth, Sewer, Ice Cave and Volcano.

You collected 4189 gold pieces.
You spent 1869 gold pieces at shops.

Inventory:

Hand weapons
 o - a +2,+4 great mace of crushing
 I - the +2,+7 giant club "Arbiter" {holy, Int+3}
   (Trog gifted it to you in a sewer)

   It has been blessed by the Shining One to cause great damage to the undead
   and demons.
   It affects your intelligence (+3).
 L - the +4,+8 giant spiked club of Ryxoh (weapon) {speed, -Tele rPois rC+ Dex+2}
   (Trog gifted it to you on level 4 of the Swamp)

   Attacks with this weapon are significantly faster, but cause slightly less
   damage.
   It affects your dexterity (+2).
   It protects you from cold.
   It protects you from poison.
   It prevents most forms of teleportation.
 P - the +6,+5 giant spiked club "Ciapuit" {crush, Str+2}
   (Trog gifted it to you on level 6 of the Dungeon)

   It inflicts extra damage upon your enemies.
   It affects your strength (+2).
 Q - the +8,+14 giant club "Hafasug" {flame, -Tele}
   (Trog gifted it to you on level 2 of the Lair of Beasts)

   It emits flame when wielded, causing extra injury to most foes and up to
   double damage against particularly susceptible opponents.
   It prevents most forms of teleportation.
Armour
 b - the +1 cloak "Psuahuz" (worn) {rC+ Dam+4}
   (You bought it in a shop on level 11 of the Dungeon)

   It affects your damage-dealing abilities (+4).
   It protects you from cold.
 g - the +2 wizard hat of Agoraphobia (worn) {MR++ SInv}
   (You bought it in a shop on level 4 of the Orcish Mines)

   It affects your resistance to hostile enchantments.
   It enhances your eyesight.
 i - a +2 cloak of preservation
 y - a -1 storm dragon armour (worn)
Magical devices
 h - a wand of frost (12)
 D - a wand of teleportation (1)
Comestibles
 d - a pear
 v - 5 oranges
 w - a beef jerky
 A - 3 bread rations
 B - a slice of pizza
Scrolls
 j - a scroll of holy word
 l - 6 scrolls of remove curse
 n - a scroll of recharging
 G - 2 scrolls of blinking
 H - 6 scrolls of teleportation
Jewellery
 e - an uncursed ring of poison resistance
 m - a +5,+4 ring of slaying (left claw)
 p - an uncursed ring of flight
 C - an amulet of resist corrosion (around neck)
 K - a ring of sustenance (right claw)
 O - an uncursed amulet of resist mutation
Potions
 k - 5 potions of curing
Miscellaneous
 c - a crystal ball of energy


   Skills:
 + Level 18.7 Fighting
 + Level 24.4 Maces & Flails
 + Level 15.6 Throwing
 + Level 13.3 Armour
 + Level 9.5 Dodging
 + Level 2.2 Stealth
 + Level 1.3 Evocations


You had 18 spell levels left.
You didn't know any spells.

Dungeon Overview and Level Annotations

Branches:
Dungeon (16/16)            Temple (1/1) D:5             Orc (4/4) D:12
    Elf (0/3) Orc:4          Lair (8/8) D:8           Swamp (5/5) Lair:5
  Snake (5/5) Lair:4        Slime (0/6) Lair:7       Vaults (1/5) D:14
 Depths (0/6) D:16

Altars:
Elyvilon
Fedhas
Kikubaaqudgha
Makhleb
Nemelex Xobeh
Okawaru
Sif Muna
Trog
Xom
Yredelemnul
the Shining One
Beogh

Shops:
D:1 :   D:4 ((===   D:11 [   Orc:4 [*(:   Snake:5 *

Annotations:
D:12 exclusion: silver statue
D:16 exclusion: Roxanne, Roxanne


Innate Abilities, Weirdness & Mutations

You are too large for most types of armour.
You have a fast metabolism.
You can tolerate rotten meat.
You have tough skin (AC +1).
You have sharp fingernails.
Your flesh is heat resistant.


Message History

Drink which item? (? for menu, Esc to quit)
You feel better.
The orc warrior hits you with an orcish flail!
* * * LOW HITPOINT WARNING * * *
The vault warden hits you with a great mace!
* * * LOW HITPOINT WARNING * * *
The orc warrior completely misses you.
The orc priest picks up an uncursed orcish long sword.
The orc priest wields an uncursed orcish long sword.
The orc warrior hits you with an orcish flail!
* * * LOW HITPOINT WARNING * * *
The orc priest unwields an uncursed orcish long sword.
The orc priest drops an uncursed orcish long sword.
The orc priest picks up an uncursed orcish flail.
The orc priest wields an uncursed orcish flail.
You see here a steel javelin.
Drink which item? (? for menu, Esc to quit)
You feel better.
The vault warden hits you with a great mace!
You die...

#######'# .........# ####
#o# #... ##o# #...
##(C#############...
##.o.#...........#...
#..oo#...........'...
###.@o#..........)#...
##.##.@#...........#...
##...##(#...........#...
.#.....#(#...........#...
.........+...........####
#+####################


You could see a vault warden, a hill giant, 3 orc warriors, an orc priest and 2
orcs.

Vanquished Creatures
  Saint Roka (Vaults:1)
  Lamia (Snake:4)
  Mara (Swamp:3)
  2 illusory
  Maras (Swamp:3)
  Nikola (Swamp:1)
  A tentacled monstrosity (Swamp:5)
  A sphinx (Vaults:1)
  Agnes (Snake:1)
  Frances (Swamp:5)
  Kirke (D:14)
  A ghoul (Swamp:3)
  A frost giant (IceCv)
  Donald (Swamp:5)
  Aizul (Swamp:1)
  Louise (Swamp:1)
  Jorgrun (Snake:3)
  6 greater nagas (Snake:5)
  A stone giant (Orc:4)
  2 green deaths (Swamp:5)
  5 dire elephants (Lair:8)
  A minotaur (Lab)
  2 ettins (Orc:4)
  A vault guard (D:14)
  A yaktaur captain (Vaults:1)
  The ghost of Jenx the Bludgeoner, a powerful MiFi of Okawaru (D:10)
  5 anacondas
  24 hydras
  Erica (Orc:4)
  2 ogre magi (Vaults:1)
  An alligator (shapeshifter) (D:15)
  6 alligators
  9 death yaks
  22 naga warriors
  7 very ugly things
  3 plague shamblers (Swamp:3)
  3 thrashing horrors (Swamp:5)
  2 rakshasas
  2 centaur warriors
  2 catoblepae
  A fire crab (shapeshifter) (D:16)
  An iron troll (Orc:4)
  A giant orange brain (D:16)
  4 hill giants
  2 unseen horrors (D:11)
  An ice statue (IceCv)
  A large abomination (Swamp:5)
  Pikel (D:4)
  Joseph (D:7)
  3 giant amoebae (Swamp:1)
  5 swamp dragons
  3 griffons
  8 cyclopes
  2 orc sorcerers
  8 guardian serpents
  8 elephants (Lair:8)
  Maurice (D:9)
  54 black mambas
  2 sixfirhies (D:12)
  A vault sentinel (Vaults:1)
  52 naga magi
  An orange demon (Swamp:5)
  9 yaktaurs
  14 spiny frogs
  6 trolls
  5 komodo dragons
  6 fire drakes
  5 giant leeches
  14 polar bears
  Sonja (D:15)
  A wolf spider simulacrum (D:15)
  2 two-headed ogres
  2 baby alligators (Lair:5)
  2 brown oozes (Swamp:1)
  39 slime creatures
  A harpy skeleton (D:14)
  A raven (Swamp:2)
  25 bog bodies
  5 basilisks
  3 boulder beetles
  3 fire bats (Lair:4)
  48 ugly things
  A shark (Lair:5)
  A vampire (Vaults:1)
  2 toenail golems (Volcano)
  65 yaks
  A redback (shapeshifter) (D:16)
  A chaos spawn (D:12)
  5 fire elementals (Volcano)
  Eustachio (D:7)
  15 hippogriffs
  3 wraiths
  2 elephant slugs
  A golden eye (shapeshifter) (D:16)
  A hill giant zombie (D:14)
  A steam dragon (D:12)
  A merfolk (D:8)
  5 hungry ghosts
  27 wolves
  6 manticores
  2 molten gargoyles (Volcano)
  2 mottled dragons
  27 vampire mosquitoes
  20 swamp drakes
  44 swamp worms
  20 porcupines
  A hell hound (D:15)
  8 necrophages
  88 nagas
  3 sky beasts
  2 black bears (shapeshifter)
  13 centaurs
  5 black bears
  27 orc warriors
  13 ogres
  2 giant goldfish
  A phantom (D:8)
  2 ice beasts
  5 tengu (D:10)
  12 crocodiles
  5 wargs
  Sigmund (D:3)
  44 water moccasins
  4 giant slugs
  20 big kobolds
  Blork the orc (D:7)
  18 giant frogs
  2 gnoll sergeants
  12 agate snails
  14 insubstantial wisps
  A manticore zombie (D:9)
  A yaktaur skeleton (D:15)
  A wyvern skeleton (D:11)
  A cyclops skeleton (D:15)
  An eye of draining (D:13)
  29 killer bees
  10 electric eels
  2 hippogriff zombies
  10 jellyfish
  4 wights (D:14)
  3 goliath beetles
  5 crimson imps
  8 hounds
  A yellow wasp zombie (D:7)
  9 big fish
  7 jellies
  Crazy Yiuf (D:2)
  38 orc priests
  33 orc wizards
  3 scorpions
  6 iguanas
  16 worker ants
  A big kobold skeleton (D:10)
  An ogre zombie (D:11)
  11 sheep
  A mottled dragon zombie (D:15)
  4 boggarts (Vaults:1)
  16 gnolls
  2 mummies
  41 adders
  A worker ant zombie (D:5)
  47 green rats
  A giant mite (D:5)
  An inept feature mimic (D:4)
  6 giant centipedes
  13 white imps
  8 worms
  17 grey rats (Sewer)
  9 giant geckos
  259 orcs
  6 ball pythons
  A bat zombie (D:6)
  5 giant cockroaches
  26 goblins
  16 hobgoblins
  13 oozes
  21 bats
  A giant gecko skeleton (D:8)
  9 giant newts
  2 giant spores
  A goblin skeleton (D:5)
  A hobgoblin skeleton (D:4)
  2 illusory rakshasas (D:14)
  26 jackals
  86 kobolds
  A kobold zombie (D:5)
  An orc skeleton (D:9)
  16 quokkas
  22 rats
  2 rat skeletons
  15 ballistomycetes
  A butterfly (Lair:2)
  24 fungi
  16 plants
1979 creatures vanquished.

Vanquished Creatures (collateral kills)
  An ettin (Orc:4)
  2 cyclopes (Orc:4)
  An orc wizard (Orc:4)
  2 orcs (Orc:4)
6 creatures vanquished.

Vanquished Creatures (others)
  A stone giant (Swamp:3)
  A griffon (D:15)
  A fire vortex (Volcano)
  3 humans (D:14)
  A wolf (IceCv)
  A hound (D:4)
  2 orc wizards
  An adder (Snake:2)
  An orc (D:4)
  2 hobgoblins (D:4)
  A bat (D:4)
  A giant newt skeleton (D:4)
  2 giant spores
  8 fungi
  A plant (D:8)
27 creatures vanquished.

Grand Total: 2012 creatures vanquished

Notes
Turn   | Place    | Note
--------------------------------------------------------------
     0 | D:1      | CrazyArbalest, the Ogre Berserker, began the quest for the Orb.
     0 | D:1      | Reached XP level 1. HP: 24/24 MP: 1/1
   158 | D:1      | Reached XP level 2. HP: 18/32 MP: 2/2
   182 | D:1      | Found Froa's Book Shop.
   328 | D:1      | Reached XP level 3. HP: 19/40 MP: 3/3
   361 | D:1      | Acquired Trog's second power
   457 | D:1      | Found a basalt altar of Yredelemnul.
   808 | D:2      | Identified a +2 cloak of preservation (You found it on level 2 of the Dungeon)
   843 | D:2      | Reached skill level 5 in Maces & Flails
   888 | D:2      | Found a blossoming altar of Fedhas.
  1023 | D:2      | Reached XP level 4. HP: 37/49 MP: 4/4
  1372 | D:2      | Noticed Crazy Yiuf
  1381 | D:2      | Killed Crazy Yiuf
  1798 | D:3      | Reached skill level 5 in Fighting
  1798 | D:3      | Reached XP level 5. HP: 55/57 MP: 5/5
  1799 | D:3      | Reached skill level 1 in Throwing
  2039 | D:3      | Found a sparkling altar of Nemelex Xobeh.
  2052 | D:3      | Noticed Sigmund
  2058 | D:3      | Killed Sigmund
  2058 | D:3      | Reached XP level 6. HP: 66/66 MP: 6/6
  2690 | D:4      | Noticed Pikel
  2722 | D:4      | Killed Pikel
  2722 | D:4      | Reached skill level 7 in Throwing
  2722 | D:4      | Reached XP level 7. HP: 29/72 MP: 7/7
  2731 | D:4      | HP: 3/72 [orc wizard/magic dart (6)]
  3016 | D:4      | Found Strimnuat's Weapon Shop.
  3252 | D:4      | Acquired Trog's third power
  3283 | D:4      | Found Praipap's Weapon Shoppe.
  3311 | D:4      | Found Schaofib's Jewellery Shoppe.
  3316 | D:4      | Found Erain's Jewellery Boutique.
  3356 | D:4      | Found Niyfoaq's Jewellery Shoppe.
  3715 | D:5      | Entered Level 5 of the Dungeon
  3737 | D:5      | Reached XP level 8. HP: 45/80 MP: 8/8
  3870 | D:5      | Found a glowing drain.
  3874 | Sewer    | Entered a sewer
  4002 | Sewer    | Reached skill level 1 in Armour
  4441 | Sewer    | Received a gift from Trog
  4442 | Sewer    | Got a bloodstained giant club {god gift}
  4511 | Sewer    | Identified the +2,+7 giant club "Arbiter" {holy, Int+3} (Trog gifted it to you in a sewer)
  4622 | D:5      | Found a sparkling altar of Nemelex Xobeh.
  4828 | D:5      | Found a basalt altar of Yredelemnul.
  4880 | D:5      | Found a staircase to the Ecumenical Temple.
  5097 | Temple   | Entered the Ecumenical Temple
  5229 | D:6      | Found a bloodstained altar of Trog.
  5411 | D:6      | Found a shimmering altar of Xom.
  5412 | D:6      | Found a burning altar of Makhleb.
  5578 | D:6      | Reached skill level 5 in Armour
  5748 | D:6      | Reached XP level 9. HP: 88/88 MP: 9/9
  6197 | D:6      | Received a gift from Trog
  6204 | D:6      | Got a jewelled giant spiked club {god gift}
  6273 | D:6      | Identified the +6,+5 giant spiked club "Ciapuit" {crush, Str+2} (Trog gifted it to you on level 6 of the Dungeon)
  6540 | D:7      | Noticed Joseph
  6546 | D:7      | Killed Joseph
  6546 | D:7      | Reached skill level 8 in Maces & Flails
  6636 | D:7      | Noticed Eustachio
  6651 | D:7      | Reached XP level 10. HP: 93/100 MP: 10/10
  6674 | D:7      | Killed Eustachio
  6752 | D:6      | Reached skill level 9 in Maces & Flails
  7071 | D:7      | Received a gift from Trog
  7116 | D:7      | Noticed Blork the orc
  7173 | D:7      | Reached skill level 5 in Dodging
  7192 | D:7      | Killed Blork the orc
  7667 | D:8      | Reached skill level 10 in Maces & Flails
  7767 | D:8      | Received a gift from Trog
  7846 | D:8      | Reached skill level 11 in Maces & Flails
  7846 | D:8      | Reached XP level 11. HP: 71/113 MP: 11/11
  7886 | D:8      | Found a staircase to the Lair.
  7927 | D:8      | Received a gift from Trog
  7948 | D:8      | Noticed a hill giant
  7958 | D:8      | Killed a hill giant
  8817 | D:9      | Reached skill level 10 in Throwing
  8975 | D:9      | Noticed Maurice
  9003 | D:9      | Killed Maurice
  9003 | D:9      | Reached skill level 12 in Maces & Flails
  9012 | D:9      | Received a gift from Trog
  9048 | D:9      | Got a wizard robe
  9200 | D:10     | Entered Level 10 of the Dungeon
  9202 | D:10     | Noticed a hill giant
  9296 | D:10     | Noticed Jenx's ghost (powerful MiFi)
  9304 | D:10     | Killed Jenx's ghost
  9451 | D:10     | Received a gift from Trog
  9683 | D:10     | Killed a hill giant
 10104 | D:11     | Reached skill level 10 in Fighting
 10151 | D:11     | Reached XP level 12. HP: 119/126 MP: 12/12
 10174 | D:11     | Found a white marble altar of Elyvilon.
 10175 | D:11     | Noticed an angel
 10189 | D:11     | Noticed a hill giant
 10194 | D:11     | Killed a hill giant
 10282 | D:11     | Killed an unseen horror
 10320 | D:11     | Reached skill level 13 in Maces & Flails
 10428 | D:11     | Received a gift from Trog
 10537 | D:11     | Killed an unseen horror
 10680 | D:11     | Found Paguwof's Antique Armour Emporium.
 10949 | D:12     | Received a gift from Trog
 11164 | D:12     | Found a staircase to the Orcish Mines.
 11314 | D:12     | Found a labyrinth entrance.
 11324 | Lab      | Entered a labyrinth
 12035 | Lab      | Noticed a minotaur
 12045 | Lab      | Killed a minotaur
 12109 | Lab      | Got a crystal crossbow
 12457 | D:12     | Reached skill level 14 in Maces & Flails
 12964 | Temple   | Identified the cursed -3 robe of the Bard {Str+3 Dex-2} (You found it on level 9 of the Dungeon)
 12983 | Temple   | Identified the +6,+3 crossbow "Geuda" {flame, rF+} (You found it in a labyrinth)
 13233 | Orc:1    | Entered Level 1 of the Orcish Mines
 13349 | Orc:1    | Received a gift from Trog
 13901 | Orc:1    | Found a roughly hewn altar of Beogh.
 14109 | Orc:2    | Received a gift from Trog
 14549 | Orc:3    | Received a gift from Trog
 15095 | Orc:2    | Received a gift from Trog
 15669 | Orc:4    | Entered Level 4 of the Orcish Mines
 15682 | Orc:4    | Received a gift from Trog
 15725 | Orc:4    | Found Boot's General Store.
 15725 | Orc:4    | Noticed a stone giant
 15730 | Orc:4    | Reached XP level 13. HP: 84/137 MP: 13/13
 15733 | Orc:4    | Killed a stone giant
 16070 | Orc:4    | Reached skill level 15 in Maces & Flails
 16237 | Orc:4    | Noticed Erica
 16241 | Orc:4    | Killed Erica
 16471 | Orc:4    | Found a staircase to the Elven Halls.
 16544 | Orc:4    | Received a gift from Trog
 16560 | Orc:4    | Got a warped giant club {god gift}
 16565 | Orc:4    | Identified the -1,+13 giant club "Suwn" {crush, -Tele} (Trog gifted it to you on level 4 of the Orcish Mines)
 16657 | Orc:4    | Found Ytonapt's Antique Weapon Boutique.
 16658 | Orc:4    | Noticed an ettin
 16668 | Orc:4    | Killed an ettin
 16966 | Orc:4    | Found Phaics' Antique Armour Shoppe.
 16967 | Orc:4    | Noticed an ettin
 17090 | Orc:4    | Killed an ettin
 17109 | Orc:4    | Bought a twisted wizard hat for 202 gold pieces
 17112 | Orc:4    | Identified the +2 wizard hat of Agoraphobia {MR++ SInv} (You bought it in a shop on level 4 of the Orcish Mines)
 17196 | Orc:4    | Found Macwadwewk's Book Shoppe.
 17196 | Orc:4    | Noticed an ettin
 17211 | Orc:4    | Killed an ettin
 17332 | Orc:4    | Received a gift from Trog
 17594 | Orc:4    | Bought a scroll of identify for 24 gold pieces
 17642 | Orc:4    | Bought a runed robe for 18 gold pieces
 17802 | D:11     | Bought a twisted cloak for 138 gold pieces
 17806 | D:11     | Identified the +1 cloak "Psuahuz" {rC+ Dam+4} (You bought it in a shop on level 11 of the Dungeon)
 17927 | D:4      | Bought a +5,+4 ring of slaying for 1423 gold pieces
 18107 | Lair:1   | Entered Level 1 of the Lair of Beasts
 18161 | Lair:1   | Received a gift from Trog
 19280 | Lair:2   | Received a gift from Trog
 19289 | Lair:2   | Got a steaming giant club {god gift}
 19364 | Lair:2   | Got a dazzling mace
 19368 | Lair:2   | Identified the cursed -2,+3 mace "Gucyn" {crush, rElec rPois Dex+3 Int-2} (You found it on level 2 of the Lair of Beasts)
 19370 | Lair:2   | Identified the +8,+14 giant club "Hafasug" {flame, -Tele} (Trog gifted it to you on level 2 of the Lair of Beasts)
 19428 | Lair:2   | Found a glowing golden altar of the Shining One.
 19739 | Lair:3   | Reached skill level 16 in Maces & Flails
 19750 | Lair:3   | Found a frozen archway.
 19887 | Lair:3   | Gained mutation: Your flesh is heat resistant. [potion of beneficial mutation]
 19927 | IceCv    | Entered an ice cave
 20058 | IceCv    | Received a gift from Trog
 20171 | IceCv    | Received a gift from Trog
 20177 | IceCv    | Reached XP level 14. HP: 150/150 MP: 14/14
 20457 | IceCv    | Reached skill level 17 in Maces & Flails
 20459 | IceCv    | Received a gift from Trog
 20608 | IceCv    | Noticed a frost giant
 20622 | IceCv    | Killed a frost giant
 21952 | Lair:4   | Found a dark tunnel.
 22059 | Volcano  | Entered a volcano
 22551 | Lair:4   | Reached skill level 10 in Armour
 22638 | Lair:4   | Found a staircase to the Snake Pit.
 22681 | Lair:4   | Received a gift from Trog
 22682 | Lair:4   | Got an ancient giant club {god gift}
 22685 | Lair:4   | Identified the +0,+8 giant club "Lopew" {flame, rElec} (Trog gifted it to you on level 4 of the Lair of Beasts)
 22734 | Lair:4   | Reached skill level 18 in Maces & Flails
 23084 | Lair:5   | Found a staircase to the Swamp.
 24098 | Lair:6   | Reached skill level 1 in Evocations
 24529 | Lair:6   | Received a gift from Trog
 25050 | Lair:7   | Reached XP level 15. HP: 135/163 MP: 18/18
 25053 | Lair:7   | Reached skill level 1 in Stealth
 25234 | Lair:7   | Received a gift from Trog
 25235 | Lair:7   | Got a shimmering giant club {god gift}
 25304 | Lair:7   | Found a staircase to the Slime Pits.
 25782 | Lair:7   | Reached skill level 19 in Maces & Flails
 25898 | Lair:8   | Entered Level 8 of the Lair of Beasts
 25984 | Lair:8   | Identified the +1,+7 giant club of Vusega {elec, rPois SInv} (Trog gifted it to you on level 7 of the Lair of Beasts)
 26235 | Lair:8   | Found an ancient bone altar of Kikubaaqudgha.
 26467 | Lair:8   | Received a gift from Trog
 26474 | Lair:8   | Got a blackened great mace {god gift}
 26877 | Lair:2   | Identified the +1,+11 great mace of Ytzeiseg {crush, MR++ Str+3} (Trog gifted it to you on level 8 of the Lair of Beasts)
 27481 | Lair:8   | Reached skill level 15 in Fighting
 27485 | Lair:8   | HP: 4/167 [dire elephant (9)]
 27885 | Lair:8   | Got an ichor-stained giant spiked club
 27891 | Lair:8   | Identified the +4,+4 giant spiked club "Blecuw" {speed, +Fly rC+} (You found it on level 8 of the Lair of Beasts)
 29124 | D:13     | Received a gift from Trog
 29342 | D:13     | Gained mutation: You have sharp fingernails. [potion of beneficial mutation]
 29750 | D:14     | Found a gate to the Vaults.
 29823 | D:14     | Noticed Kirke
 29831 | D:14     | Killed Kirke
 30261 | D:14     | Reached skill level 20 in Maces & Flails
 30866 | D:15     | Entered Level 15 of the Dungeon
 30921 | D:15     | Reached XP level 16. HP: 176/176 MP: 18/18
 31021 | D:15     | Noticed Sonja
 31032 | D:15     | Killed Sonja
 31148 | D:15     | Received a gift from Trog
 32231 | D:16     | Entered Level 16 of the Dungeon
 32249 | D:16     | Received a gift from Trog
 32493 | D:16     | Received a gift from Trog
 33005 | D:16     | Noticed Roxanne
 33148 | D:16     | Found a staircase to the Depths.
 33809 | Snake:1  | Entered Level 1 of the Snake Pit
 33916 | Snake:1  | Noticed Agnes
 33922 | Snake:1  | Killed Agnes
 33923 | Snake:1  | Reached skill level 21 in Maces & Flails
 34217 | Snake:1  | Received a gift from Trog
 35929 | Snake:2  | Received a gift from Trog
 36676 | Snake:3  | Noticed Jorgrun
 36684 | Snake:3  | Killed Jorgrun
 36748 | Snake:3  | Reached XP level 17. HP: 189/189 MP: 19/19
 38514 | Snake:4  | Received a gift from Trog
 38906 | Snake:4  | Received a gift from Trog
 38936 | Snake:4  | Received a gift from Trog
 38949 | Snake:4  | Noticed Lamia
 38958 | Snake:4  | Killed Lamia
 39051 | Snake:4  | Received a gift from Trog
 39298 | Snake:5  | Entered Level 5 of the Snake Pit
 39324 | Snake:5  | Reached skill level 22 in Maces & Flails
 39354 | Snake:5  | Found Unuef's General Store.
 39360 | Snake:5  | Bought a scroll of identify for 32 gold pieces
 40218 | Snake:5  | Received a gift from Trog
 40231 | Snake:5  | Got a crude great mace {god gift}
 40593 | Snake:5  | Received a gift from Trog
 41145 | Snake:5  | Got a serpentine rune of Zot
 41547 | Snake:5  | Identified the -3,+2 great mace of an ossuary {venom, rElec MR++} (Trog gifted it to you on level 5 of the Snake Pit)
 41646 | Snake:5  | Reached XP level 18. HP: 192/201 MP: 20/20
 41873 | Snake:5  | Bought a potion of curing for 32 gold pieces
 42880 | Swamp:1  | Entered Level 1 of the Swamp
 42977 | Swamp:1  | Noticed Nikola
 42988 | Swamp:1  | Noticed Louise
 42990 | Swamp:1  | Killed Nikola
 43011 | Swamp:1  | Killed Louise
 43360 | Swamp:1  | Noticed Aizul
 43368 | Swamp:1  | Killed Aizul
 43368 | Swamp:1  | Received a gift from Trog
 43986 | Swamp:2  | Received a gift from Trog
 44140 | Swamp:2  | Received a gift from Trog
 44726 | Swamp:3  | Noticed Mara
 44727 | Swamp:3  | Noticed CrazyArbalest's illusion
 44730 | Swamp:3  | Noticed Mara
 44733 | Swamp:3  | Noticed Mara
 45091 | Swamp:3  | Received a gift from Trog
 45273 | Swamp:3  | Reached skill level 23 in Maces & Flails
 46213 | Swamp:3  | Noticed Mara
 46213 | Swamp:3  | Noticed Mara
 46217 | Swamp:3  | Killed Mara
 46220 | Swamp:3  | Noticed CrazyArbalest's illusion
 46221 | Swamp:3  | Killed Mara
 46224 | Swamp:3  | Noticed Mara
 46224 | Swamp:3  | Noticed Mara
 46486 | Swamp:3  | Noticed CrazyArbalest's illusion
 46489 | Swamp:3  | Noticed Mara
 46490 | Swamp:3  | Noticed Mara
 46492 | Swamp:3  | Killed Mara
 46550 | Swamp:3  | Reached skill level 15 in Throwing
 47064 | Swamp:4  | Received a gift from Trog
 47067 | Swamp:4  | Got an ancient giant spiked club {god gift}
 48216 | Lair:2   | Identified the +4,+8 giant spiked club of Ryxoh {speed, -Tele rPois rC+ Dex+2} (Trog gifted it to you on level 4 of the Swamp)
 48566 | Swamp:5  | Entered Level 5 of the Swamp
 48895 | Swamp:5  | Got a brightly glowing glass ring
 48928 | Swamp:5  | Noticed Donald
 48938 | Swamp:5  | Killed Donald
 48979 | Swamp:5  | Received a gift from Trog
 49014 | Swamp:5  | Reached XP level 19. HP: 115/205 MP: 21/21
 49153 | Swamp:5  | Noticed Frances
 49159 | Swamp:5  | Killed Frances
 49424 | Swamp:5  | Noticed a tentacled monstrosity
 49440 | Swamp:5  | Killed a tentacled monstrosity
 49551 | Swamp:5  | Reached skill level 24 in Maces & Flails
 49792 | Swamp:5  | Got a decaying rune of Zot
 50166 | Lair:2   | Identified the ring "Chenwaeg" {SustAb Dex+3 Int-2} (You found it on level 5 of the Swamp)
 50378 | Vaults:1 | Entered Level 1 of the Vaults
 50557 | Vaults:1 | Received a gift from Trog
 50771 | Vaults:1 | Received a gift from Trog
 50964 | Vaults:1 | Noticed Saint Roka
 50984 | Vaults:1 | Killed Saint Roka
 50999 | Vaults:1 | HP: 1/208 [orc warrior/orcish flail[Saint Roka] (16)]
 51000 | Vaults:1 | Demolished by a vault warden

Action                   |  1- 3 |  4- 6 |  7- 9 | 10-12 | 13-15 | 16-18 | 19-21 || total
-------------------------+-------+-------+-------+-------+-------+-------+-------++-------
Melee: Mace              |   103 |    19 |       |       |       |       |       ||   122
       Flail             |       |    83 |   201 |       |       |       |       ||   284
       Hammer            |       |     2 |       |       |       |       |       ||     2
       Giant club        |       |       |   168 |       |   632 |  1044 |   195 ||  2039
       Giant spiked club |       |       |    54 |   817 |   341 |     7 |       ||  1219
       Great mace        |       |       |       |       |     6 |       |       ||     6
       Morningstar       |       |       |       |       |       |    45 |       ||    45
Throw: Large rock        |       |     6 |     7 |    19 |    98 |   125 |    24 ||   279
       Javelin           |       |       |     5 |    96 |    67 |    68 |     8 ||   244
       Tomahawk          |       |       |       |       |     1 |       |       ||     1
Invok: Berserk           |       |     3 |       |     6 |     3 |     3 |     1 ||    16
       Brothers in Arms  |       |       |       |       |     1 |     2 |       ||     3
Evoke: Wand              |       |       |       |       |    11 |     3 |       ||    14
  Use: Scroll            |       |       |       |    16 |    14 |    17 |     2 ||    49
       Potion            |       |       |       |     2 |     4 |     8 |     4 ||    18
 Stab: Distracted        |       |       |       |       |       |     3 |       ||     3
